 Dungeon Crawl Stone Soup version 0.29.1-12-g30fa7ad0bf (webtiles) character file.

Game seed: 17690259815121959776

152358 Brecoman the Martial Artist (level 17, -17/133 HPs)
             Began as a Gnoll Transmuter on Dec 13, 2022.
             Was a High Priest of Sif Muna.
             Demolished by a tyrant leech (29 damage)
             ... called by a spriggan druid
             ... on level 4 of the Swamp on Dec 26, 2022.
             The game lasted 03:13:35 (39060 turns).

Brecoman the Martial Artist (Gnoll Transmuter)     Turns: 39060, Time: 03:13:35

Health: -17/133    AC: 21    Str: 19    XL:     17   Next: 28%
Magic:  12/33      EV: 20    Int: 31    God:    Sif Muna [*****.]
Gold:   749        SH: 10    Dex: 23    Spells: 4/41 levels left

rFire   + + +      SeeInvis .   N - +10 whip "Naceah" {flame, Fragile rF+ Str+2 Int+7}
rCold   . . .      Faith    .   L - +2 buckler
rNeg    . . .      Spirit   .   Y - +0 swamp dragon scales
rPois   +          Reflect  .   j - +2 hat
rElec   .          Harm     .   i - +2 cloak
rCorr   .          Rampage  .   e - +0 pair of gloves
Will    +....                   p - +2 pair of boots
Stlth   +++++.....              r - amulet of Liberty {Regen+ Str+5 Slay+3}
HPRegen 1.12/turn               G - ring "Nohim" {rF++ Int+6}
MPRegen 0.23/turn               q - +6 ring of intelligence

@: studying Summonings
A: fangs 1, strong nose, distributed training, agile 2
}: 1/15 runes: decaying
a: Renounce Religion, Channel Magic, Forget Spell, Divine Exegesis


You were on level 4 of the Swamp.
You worshipped Sif Muna.
Sif Muna was extremely pleased with you.
You visited 4 branches of the dungeon, and saw 26 of its levels.
You visited 1 bazaar.

You collected 3005 gold pieces.
You spent 2256 gold pieces at shops.

Inventory:

Hand Weapons
 N - the +10 whip "Naceah" (weapon) {flame, Fragile rF+ Str+2 Int+7}
   (You found it on level 9 of the Dungeon)

   It burns those it strikes, dealing additional fire damage.
   Str:       It affects your strength (+2).
   Int:       It affects your intelligence (+7).
   rF:        It protects you from fire.
   Fragile:   It will be destroyed if unequipped.
Missiles
 z - a throwing net (quivered)
 Q - 5 curare-tipped darts
Armour
 e - a +0 pair of gloves (worn)
 i - a +2 cloak (worn)
 j - a +2 hat (worn)
 p - a +2 pair of boots (worn)
 D - a +3 leather armour of cold resistance
 L - a +2 buckler (worn)
 Y - +0 swamp dragon scales (worn)
Jewellery
 g - a ring of positive energy
 m - the ring "Jimej" {rElec rF+ Str+5}
   (You found it on level 3 of the Swamp)

   [ring of protection from fire]

   Str:       It affects your strength (+5).
   rF:        It protects you from fire.
   rElec:     It insulates you from electricity.
 q - a +6 ring of intelligence (right hand)
 r - the amulet of Liberty (around neck) {Regen+ Str+5 Slay+3}
   (You bought it in a shop in a bazaar)

   [amulet of regeneration]

   Str:       It affects your strength (+5).
   Slay:      It affects your accuracy & damage with ranged weapons and melee
   (+3).
   Regen:     It increases your rate of health regeneration.
 E - a ring of willpower
 G - the ring "Nohim" (left hand) {rF++ Int+6}
   (You found it on level 7 of the Dungeon)

   [ring of intelligence]

   Int:       It affects your intelligence (+6).
   rF:        It greatly protects you from fire.
 P - a ring of protection from cold
Wands
 a - a wand of quicksilver (21)
 n - a wand of iceblast (43)
 Z - a wand of digging (25)
Scrolls
 c - 3 scrolls of torment
 f - 2 scrolls of amnesia
 h - a scroll of brand weapon
 u - a scroll of silence
 v - 6 scrolls of immolation
 B - 7 scrolls of poison
 F - 2 scrolls of fear
 I - 8 scrolls of magic mapping
 M - 2 scrolls of vulnerability
 O - 2 scrolls of blinking
 R - 4 scrolls of identify
 S - a scroll of enchant armour
 T - 3 scrolls of fog
 U - 12 scrolls of teleportation
 V - a scroll of enchant weapon
Potions
 b - 3 potions of lignification
 d - 9 potions of curing
 k - 4 potions of magic
 l - a potion of resistance
 o - 3 potions of mutation
 s - 2 potions of berserk rage
 t - 5 potions of brilliance
 w - 4 potions of haste
 x - 3 potions of attraction
 A - 3 potions of might
 C - 4 potions of invisibility
 J - 4 potions of cancellation
 K - 2 potions of ambrosia
 W - 2 potions of heal wounds
Miscellaneous
 y - a tin of tremorstones (2/2)
 X - a phial of floods


   Skills:
 + Level 12.2 Fighting
 + Level 11.9 Short Blades
 + Level 11.9 Long Blades
 + Level 11.9 Axes
 + Level 11.9 Maces & Flails
 + Level 11.9 Polearms
 + Level 11.9 Staves
 + Level 11.9 Ranged Weapons
 + Level 11.9 Throwing
 + Level 11.9 Armour
 + Level 12.7 Dodging
 + Level 11.9 Stealth
 + Level 11.9 Shields
 + Level 13.5 Unarmed Combat
 + Level 12.9 Spellcasting
 + Level 10.1 Conjurations
 + Level 10.1 Hexes
 + Level 11.0 Summonings
 + Level 10.1 Necromancy
 + Level 10.1 Translocations
 + Level 10.8 Transmutations
 + Level 10.1 Fire Magic
 + Level 10.1 Ice Magic
 + Level 10.1 Air Magic
 + Level 10.1 Earth Magic
 + Level 10.1 Poison Magic
 + Level 13.0 Invocations
 + Level 11.9 Evocations


You had 4 spell levels left.
You knew the following spells:

 Your Spells              Type           Power      Damage    Failure   Level
a - Blade Hands           Tmut           36%        N/A       1%          5
b - Wereblood             Tmut           72%        N/A       1%          2
c - Summon Guardian Gole  Hex/Summ       72%        N/A       1%          3
d - Blink                 Tloc           100%       N/A       1%          2
e - Summon Cactus Giant   Summ           36%        N/A       7%          6
f - Poisonous Vapours     Pois/Air       100%       N/A       1%          2
g - Mephitic Cloud        Conj/Pois/Air  70%        N/A       1%          3
h - Flame Wave            Conj/Fire      70%        2d16      1%          4
i - Lee's Rapid Deconstr  Erth           35%        3d19*     1%          5
j - Summon Mana Viper     Hex/Summ       72%        N/A       1%          5

Your spell library contained the following spells:

 Spells                   Type           Power      Damage    Failure   Level
 Apportation              Tloc           100%       N/A       1%          1
 Beastly Appendage        Tmut           100%       N/A       1%          1
 Foxfire                  Conj/Fire      100%       2x1d9     1%          1
 Magic Dart               Conj           100%       1d8       1%          1
 Necrotise                Necr           100%       1d9       1%          1
 Shock                    Conj/Air       100%       1d9       1%          1
 Summon Small Mammal      Summ           100%       N/A       1%          1
 Call Imp                 Summ           73%        N/A       1%          2
 Sublimation of Blood     Necr           70%        N/A       1%          2
 Conjure Flame            Conj/Fire      70%        6-21      1%          3
 Dazzling Flash           Conj/Hex       100%       N/A       1%          3
 Frozen Ramparts          Ice            100%       1d16      1%          3
 Inner Flame              Hex/Fire       70%        N/A       1%          3
 Ozocubu's Armour         Ice            70%        N/A       1%          3
 Portal Projectile        Hex/Tloc       100%       N/A       1%          3
 Spider Form              Tmut/Pois      71%        N/A       1%          3
 Tukima's Dance           Hex            70%        N/A       1%          3
 Vampiric Draining        Necr           70%        2d11      1%          3
 Anguish                  Hex/Necr       35%        N/A       1%          4
 Animate Armour           Summ/Erth      100%       N/A       1%          4
 Animate Dead             Necr           70%        N/A       1%          4
 Cause Fear               Hex            35%        N/A       1%          4
 Corpse Rot               Necr/Pois/Air  70%        N/A       1%          4
 Fulminant Prism          Conj/Hex       35%        3d18      1%          4
 Ice Form                 Ice/Tmut       71%        N/A       1%          4
 Iskenderun's Mystic Bla  Conj/Tloc      70%        2d14      1%          4
 Leda's Liquefaction      Hex/Erth       35%        N/A       1%          4
 Passage of Golubria      Tloc           70%        N/A       1%          4
 Sticky Flame             Conj/Fire      70%        2d8       1%          4
 Summon Ice Beast         Ice/Summ       72%        N/A       1%          4
 Agony                    Necr           70%        N/A       1%          5
 Alistair's Intoxication  Tmut/Pois      47%        N/A       1%          5
 Fireball                 Conj/Fire      35%        3d15      1%          5
 Irradiate                Conj/Tmut      35%        3d23      1%          5
 Manifold Assault         Tloc           70%        N/A       1%          5
 Metabolic Englaciation   Hex/Ice        35%        N/A       1%          5
 Silence                  Hex/Air        35%        N/A       1%          5
 Summon Forest            Summ/Tloc      36%        N/A       1%          5
 Yara's Violent Unravell  Hex/Tmut       35%        3d14      1%          5
 Conjure Ball Lightning   Conj/Air       35%        3x3d11    11%         6
 Dispersal                Tloc           35%        N/A       11%         6
 Iron Shot                Conj/Erth      35%        9d7       11%         6
 Simulacrum               Ice/Necr       35%        N/A       11%         6
 Starburst                Conj/Fire      35%        6d10      11%         6
 Summon Hydra             Summ           36%        N/A       36%         7
 Malign Gateway           Summ/Tloc      36%        N/A       43%         7
 Storm Form               Tmut/Air       35%        N/A       45%         7
 Orb of Destruction       Conj           35%        9d10      50%         7
 Necromutation            Tmut/Necr      35%        N/A       98%         8
 Borgnjor's Revivificati  Necr           35%        N/A       99%         8
 Discord                  Hex            35%        N/A       99%         8
 Disjunction              Tloc           35%        N/A       99%         8
 Infestation              Necr           35%        N/A       99%         8
 Death's Door             Necr           35%        N/A       100%        9


Dungeon Overview and Level Annotations

Branches:
Dungeon (15/15)            Temple (0/1) D:6            Lair (5/5) D:9
  Swamp (4/4) Lair:3        Snake (0/4) Lair:2        Slime (0/5) Lair:4
    Orc (2/2) D:11            Elf (0/3) Orc:2        Vaults (0/5) D:14
 Depths (0/4) D:15

Altars:
Ashenzari
Cheibriados
Dithmenos
Elyvilon
Kikubaaqudgha
Makhleb
Nemelex Xobeh
Okawaru
Ru
Sif Muna
Trog
Vehumet
Wu Jian
Xom
Zin
The Shining One

Shops:
D:5 [   D:12 (   D:13 *(   D:14 *   Orc:2 !(*[*

Portals:
Hell: Lair:5
Trove: D:10 (give 7 potions of haste)

Annotations:
Swamp:4 1 runed translucent door, Ychix's ghost, journeyman GnSk


Innate Abilities, Weirdness & Mutations

You have very sharp teeth.
Your uncanny sense of smell can sniff out nearby items.
Your experience applies equally to all skills.
You are very agile. (Dex +8, Str/Int -2)


Message History

The alligator seems to grow more fierce. x2
The tyrant leech seems to grow more fierce.
You kill the spriggan druid!
Sif Muna accepts your kill.
The flame wave engulfs the alligator!!
The alligator is heavily wounded.
The flame wave engulfs the tyrant leech!
The tyrant leech is lightly wounded.
The flame wave engulfs the alligator but does no damage.
The alligator is moderately wounded. (Press . to intensify the flame waves.)
The alligator is engulfed in a cloud of scalding steam.
The alligator misses you. x2
The alligator is engulfed in a cloud of scalding steam.
The alligator completely misses you. The alligator tail-slaps you.
* * * LOW HITPOINT WARNING * * *
The tyrant leech bites you!
* * * LOW HITPOINT WARNING * * *
The tyrant leech draws strength from your injuries!
The alligator is engulfed in a cloud of scalding steam.
You block the alligator's attack. x2
The alligator is engulfed in a cloud of scalding steam.
The alligator barely misses you.
The alligator tail-slaps you but does no damage.
A wave of flame ripples out!
The flame wave engulfs the alligator!!
The alligator is almost dead.
The flame wave engulfs the tyrant leech!
The tyrant leech is lightly wounded.
The flame wave engulfs the alligator!
The alligator is severely wounded.
The flame wave engulfs the eleionoma!
The eleionoma is moderately wounded.
The eleionoma is engulfed in blazing flames.
The alligator is engulfed in a cloud of scalding steam.
You kill the alligator!
Sif Muna accepts your kill. The alligator bites you!
* * * LOW HITPOINT WARNING * * *
You block the alligator's attack. The tyrant leech bites you!!
You die...

♣♣♣♣.....~~~..~§....~♣♣♣~~~.~....
♣...~~~..†~~~.~~~~§♣♣♣..~..##.
♣♣.~~~♣~.~~~~~.~~~.♣♣...[~##|.
.~.(§.~~~....†.~~♣♣♣♣♣.[~†##...
~..~§.§~~♣~....~.♣ ♣♣~...♣#....
.~~~~.~§~.~~~~♣..♣♣♣~..~♣##....
.♣♣...~~..~~§.☼§.~♣♣~.~.♣#.....
♣♣♣♣♣♣♣♣~..R§w.~♣~..~♣##.....
♣.~§)@§§..§..~♣##.....
♣.~§.§t§.)..~..♣##....
♣♣§.§§§§..÷~~♣~♣ ###..
♣♣§§~§~)~)~♣♣.~♣# ### ♣~~~~~~~~.♣
♣~~♣♣## ♣..~~~~~~~÷♣♣♣♣÷÷.~♣#
~.~~~~~~~~.♣♣~~.~.~.♣
.♣♣.~~~~~.♣♣..~.~~~.~.
§..§~~~~♣♣♣..~.~~..~~


You could see an eleionoma (poisoned), an alligator (strong, swift) and a tyrant
leech (strong).

Vanquished Creatures
  Jorgrun (Swamp:3)
  Frances (D:12)
  3 eleionomae
  A bunyip (Swamp:4)
  A shambling mangrove (Swamp:4)
  4 vault guards (D:14)
  A hell beast (Lair:5)
  A rakshasa (D:15)
  A two-headed ogre (shapeshifter) (D:14)
  A ghost crab (Swamp:4)
  A boulder beetle (Lair:4)
  15 hydras
  8 centaur warriors
  8 two-headed ogres
  A tengu warrior (D:14)
  3 death yaks
  7 alligators
  Sonja (Lair:1)
  A skeletal warrior (D:13)
  A goliath frog (Swamp:1)
  3 spriggan druids
  2 deep trolls (Orc:2)
  A glowing orange brain (D:15)
  4 swamp dragons (Swamp:4)
  2 wizards
  A bog body (Swamp:2)
  A lindwurm (Lair:5)
  4 will-o-the-wisps
  A deep elf pyromancer (Orc:1)
  A deep elf zephyrmancer (Orc:1)
  2 manticores
  An orc sorcerer (D:15)
  2 orc knights
  12 ugly things
  5 cyclopes
  17 elephants
  2 black mambas
  7 cane toads
  A gargoyle (D:13)
  An efreet (D:14)
  3 nameless horrors
  2 yaktaurs
  5 komodo dragons
  2 tengu conjurers (D:14)
  4 rime drakes
  2 red devils (Lair:5)
  2 kobold demonologists
  A bloated husk (Swamp:4)
  6 tyrant leeches
  13 trolls
  5 polar bears
  A raiju (shapeshifter) (D:14)
  5 slime creatures
  3 hornets
  11 blink frogs
  A dream sheep (Lair:5)
  A centaur simulacrum (D:15)
  Sigmund (D:3)
  A culicivora (shapeshifter) (D:15)
  3 vampires
  2 shadows
  2 wraiths
  5 wyverns
  A yak (shapeshifter) (D:15)
  28 yaks
  3 spriggans
  A golden eye (shapeshifter) (D:13)
  3 basilisks
  A steam dragon (D:4)
  2 wargs
  11 swamp worms
  An acid dragon (D:8)
  3 nagas (Lair:2)
  3 hell hounds (Lair:5)
  14 water moccasins
  Duvessa (D:5)
  2 sky beasts
  2 ice beasts
  14 orc warriors
  8 swamp drakes
  A black bear (D:6)
  21 ogres
  15 centaurs
  12 wolves
  A phantom (D:6)
  Blork the orc (D:5)
  2 kobold brigands
  10 bullfrogs
  A necrophage (D:4)
  5 scorpions
  13 wights
  Dowan (D:5)
  6 killer bees
  6 howler monkeys
  A crimson imp (Orc:1)
  14 orc priests
  5 hounds
  3 jellies
  Crazy Yiuf (D:5)
  3 iguanas
  An iron imp (Orc:1)
  Jessica (D:3)
  17 orc wizards
  3 gnolls (D:4)
  4 adders
  A shadow imp (Orc:1)
  2 white imps
  An ufetubus (D:6)
  3 dart slugs (D:2)
  66 orcs
  18 endoplasms
  4 giant cockroaches
  8 goblins
  4 hobgoblins
  3 quokkas
  5 ball pythons
  5 bats
  2 frilled lizards
  18 kobolds
  4 rats
602 creatures vanquished.

Vanquished Creatures (collateral kills)
  A thorn hunter (Swamp:3)
  Agnes (D:15)
  A bunyip (Swamp:2)
  4 vault guards (D:14)
  2 ogre magi (Orc:2)
  11 hydras
  5 alligators
  3 two-headed ogres
  A death yak (Lair:4)
  2 goliath frogs
  2 skeletal warriors (D:13)
  6 swamp dragons
  A spriggan druid (Swamp:4)
  A bog body (Swamp:1)
  4 ugly things
  A will-o-the-wisp (Swamp:4)
  3 elephants
  2 cyclopes
  A manticore (D:14)
  Maurice (D:9)
  A cane toad (Lair:4)
  2 unseen horrors (D:12)
  3 orange demons (Lair:5)
  An ice devil (Lair:5)
  2 tyrant leeches
  A hellwing (Lair:5)
  2 trolls (Orc:2)
  A hornet (D:8)
  5 slime creatures
  3 spriggans
  A wraith (D:12)
  A swamp worm (Swamp:2)
  A water moccasin (Lair:5)
  A hell hound (Lair:5)
  2 orc warriors
  A swamp drake (Swamp:4)
  4 boggarts (D:14)
  2 ogres (Orc:2)
  A nameless horror (D:12)
  4 orc wizards
  An adder (D:6)
  9 orcs
  A kobold (D:8)
103 creatures vanquished.

Vanquished Creatures (others)
  A thorn hunter (Swamp:3)
  2 eleionomae (Swamp:2)
  3 hydras (Swamp:4)
  An alligator (Swamp:1)
  A goliath frog (Swamp:4)
  A spriggan druid (Swamp:2)
  A swamp dragon (Swamp:4)
  2 bloated husks (Swamp:3)
  3 hornets (Swamp:2)
  2 spriggans (Swamp:2)
  A swamp worm (Swamp:4)
  A swamp drake (Swamp:4)
  An orc wizard (Orc:1)
  3 orcs (Orc:1)
  29 foxfires
  27 fungi
  40 plants
119 creatures vanquished.

Grand Total: 824 creatures vanquished

Notes
Turn   | Place    | Note
-------+----------+-------------------------------------------
     0 | D:1      | Brecoman the Gnoll Transmuter began the quest for the Orb.
     0 | D:1      | Reached XP level 1. HP: 17/17 MP: 6/6
   214 | D:1      | Reached XP level 2. HP: 23/23 MP: 5/7
   570 | D:1      | Found a faded altar of an unknown god.
  1107 | D:1      | Learned a level 2 spell: Wereblood
  1112 | D:2      | Reached skill level 5 in Spellcasting
  1112 | D:2      | Reached XP level 3. HP: 27/28 MP: 4/9
  1290 | D:2      | Reached skill level 1 in Invocations
  1355 | D:2      | Reached skill level 1 in Short Blades
  1355 | D:2      | Reached skill level 1 in Long Blades
  1355 | D:2      | Reached skill level 1 in Axes
  1355 | D:2      | Reached skill level 1 in Maces & Flails
  1355 | D:2      | Reached skill level 1 in Polearms
  1355 | D:2      | Reached skill level 1 in Staves
  1355 | D:2      | Reached skill level 1 in Ranged Weapons
  1355 | D:2      | Reached skill level 1 in Throwing
  1355 | D:2      | Reached skill level 1 in Armour
  1355 | D:2      | Reached skill level 1 in Stealth
  1355 | D:2      | Reached skill level 1 in Shields
  1355 | D:2      | Reached skill level 1 in Evocations
  1500 | D:2      | Reached XP level 4. HP: 34/34 MP: 9/11
  1530 | D:2      | Found a shimmering blue altar of Sif Muna.
  1565 | D:2      | Became a worshipper of Sif Muna the Loreminder
  1943 | D:3      | Noticed Jessica
  1956 | D:3      | Killed Jessica
  1957 | D:3      | Reached skill level 1 in Conjurations
  1957 | D:3      | Reached skill level 1 in Hexes
  1957 | D:3      | Reached skill level 1 in Summonings
  1957 | D:3      | Reached skill level 1 in Necromancy
  1957 | D:3      | Reached skill level 1 in Translocations
  1957 | D:3      | Reached skill level 1 in Fire Magic
  1957 | D:3      | Reached skill level 1 in Ice Magic
  1957 | D:3      | Reached skill level 1 in Air Magic
  1957 | D:3      | Reached skill level 1 in Earth Magic
  1957 | D:3      | Reached skill level 1 in Poison Magic
  2444 | D:3      | Reached XP level 5. HP: 38/40 MP: 8/12
  2459 | D:2      | Learned a level 3 spell: Spider Form
  2464 | D:2      | Learned a level 4 spell: Ice Form
  2636 | D:3      | Noticed Sigmund
  3128 | D:3      | Killed Sigmund
  3129 | D:3      | Reached skill level 5 in Dodging
  3129 | D:3      | Reached XP level 6. HP: 44/47 MP: 12/14
  3609 | D:4      | Noticed a steam dragon
  3623 | D:4      | Killed a steam dragon
  3624 | D:4      | Reached XP level 7. HP: 19/52 MP: 12/15
  3960 | D:4      | Reached * piety under Sif Muna
  4953 | D:5      | Entered Level 5 of the Dungeon
  4953 | D:5      | Found a snail-covered altar of Cheibriados.
  5016 | D:5      | Found a glowing golden altar of the Shining One.
  5018 | D:5      | Identified the +9 rapier of Acarug {holy, rF+ Stlth+}
  5290 | D:5      | Reached XP level 8. HP: 40/60 MP: 16/16
  5534 | D:5      | Noticed Duvessa
  5638 | D:5      | Found Yporufu's Antique Armour Boutique.
  5654 | D:5      | Noticed Blork the orc
  5662 | D:5      | Killed Blork the orc
  5800 | D:5      | Noticed Dowan
  6013 | D:5      | Found a runed translucent door.
  6014 | D:5      | Noticed Crazy Yiuf
  6029 | D:5      | Killed Crazy Yiuf
  6550 | D:5      | Reached ** piety under Sif Muna
  6927 | D:5      | Killed Duvessa
  6929 | D:5      | Killed Dowan
  6930 | D:5      | Reached skill level 5 in Transmutations
  7297 | D:6      | Learned a level 2 spell: Call Imp
  7344 | D:6      | Found a staircase to the Ecumenical Temple.
  7401 | D:6      | Reached XP level 9. HP: 67/67 MP: 12/18
  7416 | D:6      | Found an ancient bone altar of Kikubaaqudgha.
  7545 | D:6      | Reached skill level 5 in Fighting
  8106 | D:7      | Reached skill level 5 in Invocations
  8232 | D:7      | Identified the ring "Nohim" {rF++ Int+6}
  8237 | D:7      | Found a shimmering altar of Xom.
  8294 | D:7      | Identified the +2 flail of Leciusal {drain, rF++}
  8963 | D:8      | Found a sacrificial altar of Ru.
  9306 | D:8      | Reached *** piety under Sif Muna
  9334 | D:8      | Found an iron altar of Okawaru.
  9537 | D:8      | Noticed a hornet
  9549 | D:8      | Killed a hornet
  9550 | D:8      | Reached skill level 5 in Short Blades
  9550 | D:8      | Reached skill level 5 in Long Blades
  9550 | D:8      | Reached skill level 5 in Axes
  9550 | D:8      | Reached skill level 5 in Maces & Flails
  9550 | D:8      | Reached skill level 5 in Polearms
  9550 | D:8      | Reached skill level 5 in Staves
  9550 | D:8      | Reached skill level 5 in Ranged Weapons
  9550 | D:8      | Reached skill level 5 in Throwing
  9550 | D:8      | Reached skill level 5 in Armour
  9550 | D:8      | Reached skill level 5 in Stealth
  9550 | D:8      | Reached skill level 5 in Shields
  9550 | D:8      | Reached skill level 5 in Evocations
  9550 | D:8      | Reached XP level 10. HP: 42/76 MP: 16/20
  9810 | D:8      | Learned a level 2 spell: Poisonous Vapours
  9814 | D:8      | Learned a level 3 spell: Mephitic Cloud
  9908 | D:8      | Found a bloodstained altar of Trog.
 10313 | D:9      | Found a staircase to the Lair.
 10320 | D:9      | Identified the +10 whip "Naceah" {flame, Fragile rF+ Str+2
                  | Int+7}
 10333 | D:9      | Learned a level 4 spell: Flame Wave
 10614 | D:9      | Reached **** piety under Sif Muna
 10962 | D:9      | Noticed Maurice
 10986 | D:9      | Killed Maurice
 11267 | D:9      | Found a sparkling altar of Nemelex Xobeh.
 11269 | D:9      | Found a white marble altar of Elyvilon.
 11475 | D:9      | Found a radiant altar of Vehumet.
 11475 | D:9      | Found a shadowy altar of Dithmenos.
 11513 | D:10     | Entered Level 10 of the Dungeon
 11555 | D:10     | Found an ornate altar of the Wu Jian Council.
 11599 | D:10     | Noticed a kobold demonologist
 11716 | D:9      | Killed a kobold demonologist
 11763 | D:10     | Reached skill level 5 in Conjurations
 11763 | D:10     | Reached skill level 5 in Hexes
 11763 | D:10     | Reached skill level 5 in Summonings
 11763 | D:10     | Reached skill level 5 in Necromancy
 11763 | D:10     | Reached skill level 5 in Translocations
 11763 | D:10     | Reached skill level 5 in Fire Magic
 11763 | D:10     | Reached skill level 5 in Ice Magic
 11763 | D:10     | Reached skill level 5 in Air Magic
 11763 | D:10     | Reached skill level 5 in Earth Magic
 11763 | D:10     | Reached skill level 5 in Poison Magic
 11769 | D:10     | Reached XP level 11. HP: 40/81 MP: 6/22
 12122 | D:10     | Found a portal to a secret trove of treasure.
 12257 | D:10     | Gained mutation: You are dopey. (Int -2) [a neqoxec]
 12724 | D:10     | Learned a level 5 spell: Lee's Rapid Deconstruction
 13059 | D:11     | Noticed a two-headed ogre
 13074 | D:11     | Killed a two-headed ogre
 13503 | Lair:1   | Entered Level 1 of the Lair of Beasts
 14114 | Lair:1   | Noticed Sonja
 14121 | Lair:1   | Killed Sonja
 14846 | Lair:1   | Reached ***** piety under Sif Muna
 15404 | Lair:2   | Reached XP level 12. HP: 50/91 MP: 21/24
 16527 | Lair:2   | Found a staircase to the Snake Pit.
 16544 | Lair:2   | Reached skill level 10 in Unarmed Combat
 17013 | Lair:2   | Found a broken altar of Ashenzari.
 17020 | Lair:2   | Noticed a seven-headed hydra
 17027 | Lair:2   | Killed a seven-headed hydra
 17709 | Lair:3   | Received a gift from Sif Muna
 17712 | Lair:3   | Got Xiudgh's Directory of Kindling and Unhallowed Liturgies
                  | {god gift}
 17871 | Lair:3   | Lost mutation: You are dopey. (Int -2) [potion of mutation]
 17871 | Lair:3   | Gained mutation: You are agile. (Dex +4, Str/Int -1)
                  | [potion of mutation]
 17871 | Lair:3   | Gained mutation: You are very agile. (Dex +8, Str/Int -2)
                  | [potion of mutation]
 18204 | Lair:3   | Found a staircase to the Swamp.
 18732 | Lair:4   | Noticed a four-headed hydra
 18765 | Lair:4   | Identified the +8 mace of Karma {vorpal, rPois Str+3}
 18769 | Lair:4   | Noticed a five-headed hydra
 18785 | Lair:4   | Killed a five-headed hydra
 19635 | Lair:4   | Killed a four-headed hydra
 19640 | Lair:4   | Reached XP level 13. HP: 85/99 MP: 12/26
 20089 | Lair:4   | Found a staircase to the Slime Pits.
 20620 | Lair:5   | Entered Level 5 of the Lair of Beasts
 20673 | Lair:5   | Identified a scroll of acquirement
 20673 | Lair:5   | Acquired the Exposition on Spellbinding and Wanderlust
 20681 | Lair:5   | Learned a level 5 spell: Summon Mana Viper
 21290 | Lair:4   | Reached skill level 10 in Spellcasting
 22393 | Lair:5   | Received a gift from Sif Muna
 22400 | Lair:5   | Got Sif Muna's Incunable of Mutable Command {god gift}
 22448 | Lair:5   | Reached skill level 10 in Dodging
 23684 | Lair:5   | Reached XP level 14. HP: 108/108 MP: 28/28
 23721 | Lair:5   | Reached skill level 10 in Invocations
 24055 | Lair:5   | Found a burning altar of Makhleb.
 24341 | Lair:5   | Found a gateway to Hell.
 25149 | D:11     | Found a staircase to the Orcish Mines.
 25500 | Orc:1    | Entered Level 1 of the Orcish Mines
 25579 | Orc:1    | Received a gift from Sif Muna
 26231 | Orc:2    | Entered Level 2 of the Orcish Mines
 26481 | Orc:2    | Found Nuh Jamy's Distillery.
 26490 | Orc:2    | Bought a potion of heal wounds for 65 gold pieces
 26490 | Orc:2    | Bought a potion of might for 52 gold pieces
 26490 | Orc:2    | Bought a potion of heal wounds for 65 gold pieces
 26499 | Orc:2    | Found a staircase to the Elven Halls.
 27083 | Orc:2    | Received a gift from Sif Muna
 27085 | Orc:2    | Reached skill level 10 in Fighting
 28334 | Orc:2    | Found Goelirha's Armour Shoppe.
 28335 | Orc:2    | Found Qicwit's Weapon Shoppe.
 28366 | Orc:2    | Reached skill level 10 in Short Blades
 28366 | Orc:2    | Reached skill level 10 in Long Blades
 28366 | Orc:2    | Reached skill level 10 in Axes
 28366 | Orc:2    | Reached skill level 10 in Maces & Flails
 28366 | Orc:2    | Reached skill level 10 in Polearms
 28366 | Orc:2    | Reached skill level 10 in Staves
 28366 | Orc:2    | Reached skill level 10 in Ranged Weapons
 28366 | Orc:2    | Reached skill level 10 in Throwing
 28366 | Orc:2    | Reached skill level 10 in Armour
 28366 | Orc:2    | Reached skill level 10 in Stealth
 28366 | Orc:2    | Reached skill level 10 in Shields
 28366 | Orc:2    | Reached skill level 10 in Evocations
 28669 | Orc:2    | Found Fuuruach's Assorted Antiques.
 28678 | Orc:2    | Found Wutonyba's Assorted Antiques.
 28710 | Orc:2    | Learned a level 6 spell: Summon Cactus Giant
 29026 | Orc:2    | Bought a potion of invisibility for 104 gold pieces
 29073 | Orc:2    | Bought a scroll of teleportation for 96 gold pieces
 29073 | Orc:2    | Bought a potion of heal wounds for 160 gold pieces
 29246 | D:12     | Received a gift from Sif Muna
 29252 | D:12     | Got Sif Muna's Further Steps in Willworking {god gift}
 29459 | D:12     | Noticed Frances
 29473 | D:12     | Killed Frances
 29474 | D:12     | Reached XP level 15. HP: 82/117 MP: 8/30
 29777 | D:12     | Found Refun's Weapon Shoppe.
 30805 | D:13     | Found Pusiwosch's Weapon Emporium.
 30817 | D:13     | Found Etunycen's Mass Market.
 32312 | D:14     | Found a gate to the Vaults.
 33113 | D:14     | Learned a level 5 spell: Blade Hands
 33591 | D:14     | Found Zin's Purification Station.
 33594 | D:14     | Found a glowing silver altar of Zin.
 33761 | D:15     | Entered Level 15 of the Dungeon
 33783 | D:15     | Found a flickering gateway to a bazaar.
 33791 | Bazaar   | Entered a bazaar
 33795 | Bazaar   | Found Moih's Jewellery Boutique.
 33814 | Bazaar   | Found Borotaf's Magic Scroll Emporium.
 33819 | Bazaar   | Bought a scroll of teleportation for 33 gold pieces
 33832 | Bazaar   | Found Mazucsah's Book Boutique.
 33850 | Bazaar   | Found Xowoal's Antique Weapon Shoppe.
 33906 | Bazaar   | Bought a manual of Summonings for 720 gold pieces
 33938 | Bazaar   | Bought the amulet of Liberty {Regen+ Str+5 Slay+3} for 961
                  | gold pieces
 34081 | D:15     | Noticed Agnes
 34093 | D:15     | Killed Agnes
 34458 | D:15     | Reached skill level 10 in Transmutations
 34469 | D:15     | Reached XP level 16. HP: 87/125 MP: 25/32
 34552 | D:15     | Found a staircase to the Depths.
 35385 | Swamp:1  | Entered Level 1 of the Swamp
 35518 | Swamp:1  | Learned a level 3 spell: Summon Guardian Golem
 36691 | Swamp:2  | Reached skill level 10 in Summonings
 37542 | Swamp:3  | Noticed a thorn hunter
 37549 | Swamp:3  | Killed a thorn hunter
 37675 | Swamp:2  | Learned a level 2 spell: Blink
 37848 | Swamp:3  | Noticed a thorn hunter
 37861 | Swamp:3  | Killed a thorn hunter
 37920 | Swamp:3  | Noticed Jorgrun
 37933 | Swamp:3  | Killed Jorgrun
 38046 | Swamp:3  | Identified the ring "Jimej" {rElec rF+ Str+5}
 38231 | Swamp:4  | Entered Level 4 of the Swamp
 38501 | Swamp:4  | Reached XP level 17. HP: 133/133 MP: 24/33
 38560 | Swamp:4  | Found a runed translucent door.
 38561 | Swamp:4  | Found a shimmering altar of Xom.
 38563 | Swamp:4  | Noticed Ychix's ghost (journeyman GnSk)
 38574 | Swamp:4  | Received a gift from Sif Muna
 38577 | Swamp:4  | Got Sif Muna's Disquisition on the Atmosphere and Striking
                  | {god gift}
 38639 | Swamp:4  | Reached skill level 10 in Conjurations
 38639 | Swamp:4  | Reached skill level 10 in Hexes
 38639 | Swamp:4  | Reached skill level 10 in Necromancy
 38639 | Swamp:4  | Reached skill level 10 in Translocations
 38639 | Swamp:4  | Reached skill level 10 in Fire Magic
 38639 | Swamp:4  | Reached skill level 10 in Ice Magic
 38639 | Swamp:4  | Reached skill level 10 in Air Magic
 38639 | Swamp:4  | Reached skill level 10 in Earth Magic
 38639 | Swamp:4  | Reached skill level 10 in Poison Magic
 38861 | Swamp:4  | Got a decaying rune of Zot
 39060 | Swamp:4  | Demolished by a tyrant leech

Illustrated notes

Levels and vault maps discovered:
D:1:      saegor_arrival_miasma, layout_basic,
          shapermc_ecumenical_altar_mp_highgroup
D:2:      minmay_skewed_foursquare, layout_loops_ring, basic_altar
D:3:      layout_loops_ring, roderic_serpentine_path, uniq_jessica, uniq_sigmund
D:4:      layout_basic, serial_curves, eino_curves_03, eino_curves_04
D:5:      wander_river, layout_layer_cave, mainiacjoe_overflow_alcove_1,
          tso_metal_star, serial_shops, nicolae_shop_hallway_stairs,
          uniq_crazy_yiuf_cottage, uniq_blork_the_orc, uniq_duvessa
D:6:      layout_loops_ring, mainiacjoe_overflow_six_doors_small,
          minmay_temple_entry_hall
D:7:      layout_basic, mainiacjoe_overflow_surrounded_room
D:8:      layout_rooms, trog_butcher_becter,
          nicolae_ru_great_annihilating_truth, lemuel_coloured_pillars_altar,
          nrook_mini_backslash
D:9:      layout_cave_pools, nicolae_overflow_hidden_temple, lair_entry_dummy,
          minivault_21, uniq_maurice
D:10:     layout_loops_cross, nicolae_wu_jian_wuxing_cycle,
          nicolae_trove_entry_free_sample
D:11:     layout_roguey, david_orc_1_choice
D:12:     layout_basic, serial_shops, shop_fountains, uniq_frances
D:13:     layout_roguey, serial_shops, nicolae_shop_bloodbath_and_beyond,
          minmay_shop_mass
D:14:     kennysheep_room_grid, layout_irregular_city, erik_vaults_2,
          chequers_serial_rivers_micro_c, zin_purify
D:15:     gammafunk_enter_depths_forms, layout_gridville, serial_shops,
          bzr_in_the_mist, reono_crystal_passage, uniq_agnes
Lair:1:   layout_loops_ring, serial_bayou_pond_d, uniq_sonja
Lair:2:   layout_regular_city, minmay_snake_entry_guardpost_small, basic_altar,
          grunt_megastairs_3
Lair:3:   layout_hall_layers, swamp_mist
Lair:4:   layout_loops_ring, slime_entry_1, lemuel_fruit_tree
Lair:5:   evil_forest, layout_hall_layers, chequers_serial_rivers_small_b
Swamp:1:  layout_basic_swamp, serial_swamp_ruin, evilmike_swamp_ruin_rubble_2,
          evilmike_swamp_ruin_house_3, evilmike_swamp_ruin_rubble_1
Swamp:2:  layout_basic_swamp, evilmike_swamp_ruin_house_1,
          infiniplex_staircase_pool
Swamp:3:  layout_basic_swamp, evilmike_swamp_ruin_house_5, swamp_pool1,
          nicolae_swamp_hydra_murder_den, uniq_jorgrun
Swamp:4:  swamp, layout_basic_swamp, ebering_ghost_xom
Orc:1:    layout_diamond_mine, hangedman_minor_magic
Orc:2:    st_orc_open, layout_diamond_mine, serial_shops,
          nicolae_shop_statue_plus

Skill      XL: |  1  2  3  4  5  6  7  8  9 10 11 12 13 14 15 16 17 |
---------------+----------------------------------------------------+-----
Spellcasting   | 5 6 7 8 9 10 11 12 | 12.9
Invocations    | 1 2 3 4 5 6 7 8 9 10 11 12 13 | 13.0
Short Blades   | 1 2 3 4 5 6 7 8 9 10 11 | 11.9
Long Blades    | 1 2 3 4 5 6 7 8 9 10 11 | 11.9
Axes           | 1 2 3 4 5 6 7 8 9 10 11 | 11.9
Maces & Flails | 1 2 3 4 5 6 7 8 9 10 11 | 11.9
Polearms       | 1 2 3 4 5 6 7 8 9 10 11 | 11.9
Staves         | 1 2 3 4 5 6 7 8 9 10 11 | 11.9
Ranged Weapons | 1 2 3 4 5 6 7 8 9 10 11 | 11.9
Throwing       | 1 2 3 4 5 6 7 8 9 10 11 | 11.9
Armour         | 1 2 3 4 5 6 7 8 9 10 11 | 11.9
Stealth        | 1 2 3 4 5 6 7 8 9 10 11 | 11.9
Shields        | 1 2 3 4 5 6 7 8 9 10 11 | 11.9
Evocations     | 1 2 3 4 5 6 7 8 9 10 11 | 11.9
Conjurations   | 1 2 3 4 5 6 7 8 9 10 | 10.1
Hexes          | 1 2 3 4 5 6 7 8 9 10 | 10.1
Summonings     | 1 2 3 4 5 6 7 8 9 10 11 | 11.0
Necromancy     | 1 2 3 4 5 6 7 8 9 10 | 10.1
Translocations | 1 2 3 4 5 6 7 8 9 10 | 10.1
Fire Magic     | 1 2 3 4 5 6 7 8 9 10 | 10.1
Ice Magic      | 1 2 3 4 5 6 7 8 9 10 | 10.1
Air Magic      | 1 2 3 4 5 6 7 8 9 10 | 10.1
Earth Magic    | 1 2 3 4 5 6 7 8 9 10 | 10.1
Poison Magic   | 1 2 3 4 5 6 7 8 9 10 | 10.1
Fighting       | 3 4 5 6 7 8 9 10 11 12 | 12.2
Dodging        | 5 6 7 8 9 10 11 12 | 12.7
Transmutations | 4 5 6 7 8 9 10 | 10.8
Unarmed Combat | 7 8 9 10 11 12 13 | 13.5

Action                   |  1- 3 |  4- 6 |  7- 9 | 10-12 | 13-15 | 16-18 || total
-------------------------+-------+-------+-------+-------+-------+-------++-------
Melee: Unarmed           |    58 |    74 |   108 |   372 |   406 |     7 ||  1025
       Kick              |     7 |    12 |    27 |     4 |       |       ||    50
       Headbutt          |     6 |     6 |    22 |     7 |       |       ||    41
       Bite              |     4 |     6 |     8 |    23 |    81 |    78 ||   200
       Punch             |       |     3 |     3 |     7 |    25 |       ||    38
       Rapier            |       |       |   133 |    15 |       |       ||   148
       Whip              |       |       |       |   128 |   360 |   410 ||   898
Throw: Stone             |     2 |     2 |     6 |       |       |       ||    10
 Cast: Beastly Appendage |    21 |    20 |    21 |     3 |       |       ||    65
       Wereblood         |     3 |     4 |    10 |    12 |    19 |     1 ||    49
       Spider Form       |       |     2 |    14 |    17 |    22 |       ||    55
       Call Imp          |       |       |    10 |     7 |     2 |       ||    19
       Ice Form          |       |       |     1 |    19 |    22 |       ||    42
       Flame Wave        |       |       |       |    13 |    12 |    10 ||    35
       Poisonous Vapours |       |       |       |     8 |    61 |    19 ||    88
       Mephitic Cloud    |       |       |       |     3 |    10 |     1 ||    14
       Lee's Rapid Decon |       |       |       |    11 |    34 |     6 ||    51
       Summon Mana Viper |       |       |       |       |    52 |    17 ||    69
       Summon Cactus Gia |       |       |       |       |    27 |    34 ||    61
       Blade Hands       |       |       |       |       |     2 |     1 ||     3
       Summon Guardian G |       |       |       |       |       |    29 ||    29
Invok: Channel Magic     |       |       |       |       |     3 |       ||     3
       Forget Spell      |       |       |       |       |     4 |       ||     4
 Abil: End Transformatio |       |       |       |       |     7 |     1 ||     8
Evoke: Wand              |       |       |     2 |       |     2 |     1 ||     5
       Phial of floods   |       |       |       |     1 |     1 |       ||     2
  Use: Potion            |       |       |     5 |     4 |     2 |     1 ||    12
       Scroll            |       |       |    18 |     8 |    10 |     2 ||    38
 Stab: Sleeping          |     3 |     4 |    13 |     6 |     6 |     4 ||    36
       Paralysed         |       |       |     1 |       |       |       ||     1
       Confused          |       |       |       |     3 |     7 |       ||    10
       Distracted        |       |       |       |       |     4 |     2 ||     6
Armor: Robe              |     6 |     4 |    33 |    57 |    61 |       ||   161
       Ring mail         |     3 |     3 |       |       |       |       ||     6
       Skin              |       |     2 |    54 |    50 |    88 |       ||   194
       Leather armour    |       |       |       |       |   102 |    41 ||   143
       Swamp dragon scal |       |       |       |       |       |   127 ||   127
Dodge: Dodged            |    34 |    39 |   154 |   486 |   833 |   320 ||  1866
Block: Buckler           |       |       |       |       |    62 |   197 ||   259
